 Dungeon Crawl Stone Soup version 0.29.1-2-gbd0b4ee654 (webtiles) character file.

Game seed: 13997704974913659396

46 GorkyZ the Stinger (level 3, -2/19 HPs)
             Began as a Deep Elf Venom Mage on Nov 11, 2022.
             Was a Follower of Makhleb.
             Slain by a gnoll
             ... wielding a +0 flail of protection
              (9 damage)
             ... on level 2 of the Dungeon.
             The game lasted 00:26:24 (1877 turns).

GorkyZ the Stinger (Deep Elf Venom Mage)            Turns: 1877, Time: 00:26:25

Health: -2/19      AC:  2    Str:  5    XL:     3   Next: 46%
Magic:  6/10       EV: 12    Int: 21    God:    Makhleb [*.....]
Gold:   126        SH:  0    Dex: 15    Spells: 6/9 levels left

rFire   . . .      SeeInvis .   h - +0 dagger
rCold   . . .      Faith    .   (no shield)
rNeg    . . .      Spirit   .   a - +0 robe
rPois   .          Reflect  .   (no helmet)
rElec   .          Harm     .   (no cloak)
rCorr   .          Rampage  .   (no gloves)
Will    .....                   (no boots)
Stlth   ++........              (no amulet)
HPRegen 0.06/turn               (no ring)
MPRegen 0.12/turn               (no ring)

@: no status effects
A: no striking features
a: Renounce Religion


You were on level 2 of the Dungeon.
You worshipped Makhleb.
Makhleb was aware of your devotion.
You visited 1 branch of the dungeon, and saw 3 of its levels.

You collected 126 gold pieces.

Inventory:

Hand Weapons
 c - a +0 hand axe
 h - a +0 dagger (weapon)
 l - the +2 sling of Insomnia {vorpal, rPois}
   (You found it on level 2 of the Dungeon)

   Any ammunition fired from it inflicts extra damage upon your enemies.
   rPois:     It protects you from poison.
 q - a +0 short sword of venom
Missiles
 g - 24 stones
Armour
 a - a +0 robe (worn)
Scrolls
 e - a scroll of identify {unknown}
 i - a scroll of immolation {unknown}
 m - a scroll of magic mapping {unknown}
 n - a scroll of amnesia {unknown}
Potions
 b - a potion of magic
 d - a potion of lignification {unknown}
 f - 2 potions of mutation {unknown}
 j - a potion of cancellation {unknown}
 k - a potion of heal wounds {unknown}
 o - a potion of degeneration {unknown}
 p - a potion of resistance {unknown}


   Skills:
 + Level 0.1 Short Blades
 + Level 0.2 Ranged Weapons
 + Level 2.6 Dodging
 - Level 2.5 Stealth
 * Level 3.7 Spellcasting
 + Level 1.7 Transmutations
 + Level 4.1 Poison Magic


You had 6 spell levels left.
You knew the following spells:

 Your Spells              Type           Power      Damage    Failure   Level
a - Sting                 Tmut/Pois      64%        1d6       3%          1
b - Poisonous Vapours     Pois/Air       24%        N/A       8%          2

Your spell library contained the following spells:

 Spells                   Type           Power      Damage    Failure   Level
 Mephitic Cloud           Conj/Pois/Air  9%         N/A       22%         3
 Olgreb's Toxic Radiance  Pois           21%        N/A       22%         4


Dungeon Overview and Level Annotations

Branches:
Dungeon (3/15)

Altars:
Makhleb


Message History

There is a stone staircase leading down here.
There is a stone staircase leading down here.
You climb downwards.
You hear the sound of rushing water.
There is an entrance to a sewer on this level.
Hurry and find it before the portal rusts away!
The gnoll shouts!
The hobgoblin shouts!
The hobgoblin hits you but does no damage.
The gnoll shouts!
There is a stone staircase leading up here.
The gnoll barely misses you.
You climb upwards.
There is a stone staircase leading down here.
The gnoll closely misses you. The hobgoblin completely misses you.
Aiming: Sting (safe; 3% risk of failure)
Press: ? - help, Q - select action, (/) - cycle Shift-Dir - straight line, f - gnoll
Aim: a gnoll, wielding a +0 flail of protection (77% to hit)
The sting misses the gnoll.
The sting misses the hobgoblin.
The gnoll hits you with a +0 flail of protection.
Aiming: Sting (safe; 3% risk of failure)
Press: ? - help, Q - select action, (/) - cycle Shift-Dir - straight line, f/p - gnoll
Aim: a gnoll, wielding a +0 flail of protection (77% to hit)
The sting hits the gnoll.
The gnoll is poisoned.
The gnoll is moderately wounded.
The gnoll hits you with a +0 flail of protection.
Aiming: Sting (safe; 3% risk of failure)
Press: ? - help, Q - select action, (/) - cycle Shift-Dir - straight line, f/p - gnoll
Aim: a gnoll, wielding a +0 flail of protection (heavily wounded, poisoned, 77% to hit)
The sting hits the gnoll but does no damage.
The gnoll looks even sicker.
The gnoll is heavily wounded.
The gnoll misses you.
Aiming: Sting (safe; 3% risk of failure)
Press: ? - help, Q - select action, (/) - cycle Shift-Dir - straight line, f/p - gnoll
Aim: a gnoll, wielding a +0 flail of protection (heavily wounded, very poisoned, 77% to hit)
The sting hits the gnoll but does no damage.
The gnoll looks even sicker.
The gnoll is heavily wounded.
The gnoll hits you with a +0 flail of protection!
You die...

.)..........<.#
.##.#######.#.#
.##.#######.#.#
...>........#.##
.##.#######....#
....>..###.###.#########
....##.##.## ##........#
.....#.#.## ##.#####.#
.###.#.(.# #@# #.# .#
#.###.## ##g# #.#
.###.####.## ##.g# #.#
...........###.#.## #.#
####..............# #.#
##..........#..# #.#
#.######..##..# #.# #.#
#..##..# #.# #####.#
#..##..# #.#


You could see a gnoll (very poisoned) and a hobgoblin.

Vanquished Creatures
  A dart slug (D:2)
  2 bats (D:2)
  6 endoplasms
  6 goblins
  8 hobgoblins
  4 kobolds
  2 quokkas (D:2)
  3 ball pythons
  3 frilled lizards
  3 rats
38 creatures vanquished.

Notes
Turn   | Place    | Note
-------+----------+-------------------------------------------
     0 | D:1      | GorkyZ the Deep Elf Venom Mage began the quest for the Orb.
     0 | D:1      | Reached XP level 1. HP: 10/10 MP: 6/6
   265 | D:1      | Reached XP level 2. HP: 15/15 MP: 6/8
   516 | D:1      | Found a faded altar of an unknown god.
   531 | D:1      | Prayed at the altar of an unknown god.
   531 | D:1      | Became a worshipper of Makhleb the Destroyer
   531 | D:1      | Reached * piety under Makhleb
   671 | D:1      | You fall into a shaft and drop 1 floor!
   697 | D:2      | Identified the +2 sling of Insomnia {vorpal, rPois}
  1064 | D:2      | Reached XP level 3. HP: 19/19 MP: 8/10
  1068 | D:2      | Learned a level 2 spell: Poisonous Vapours
  1142 | D:2      | Reached skill level 4 in Poison Magic
  1877 | D:2      | Slain by a gnoll

Illustrated notes

Levels and vault maps discovered:
D:1:      evilmike_arrival_hilbert_curve, layout_loops_ring,
          dreamdust_ecumenical_altar_angels_and_demons
D:2:      layout_loops_ring, kennysheep_generic_room_16
D:3:      layout_loops_ring, gup_sewer_entry_bubbles, uniq_sigmund

Skill      XL: |  1  2  3 |
---------------+----------+-----
Poison Magic   | 4 |  4.1
Short Blades   | |  0.1
Ranged Weapons | |  0.2
Dodging        | |  2.6
Stealth        | |  2.5
Spellcasting   | |  3.7
Transmutations | |  1.7

Action                   || total
-------------------------++-------
Melee: Hand axe          ||     2
       Dagger            ||    20
 Fire: Sling             ||     9
 Cast: Sting             ||    67
       Poisonous Vapours ||     1
Armor: Robe              ||     7
Dodge: Dodged            ||    29
